 Dungeon Crawl Stone Soup version 0.23.2-40-g277498a001 (webtiles) character file.

Game seed: 15237054341638720628

77 FishyPogo the Ducker (level 4, -4/34 HPs)
             Began as a Demonspawn Gladiator on Sept 26, 2019.
             Slain by a worm (11 damage)
             ... on level 1 of the Dungeon.
             The game lasted 00:04:49 (1748 turns).

FishyPogo the Ducker (Demonspawn Gladiator)         Turns: 1748, Time: 00:04:49

Health: -4/34      AC:  4    Str: 15    XL:     4   Next: 13%
Magic:  4/4        EV: 13    Int: 10    God:
Gold:   94         SH:  0    Dex: 14    Spells: 3/3 levels left

rFire    . . .     SeeInvis .   a - +0 flail
rCold    . . .     Gourm    .   (no shield)
rNeg     . . .     Faith    .   b - +0 leather armour
rPois    .         Spirit   .   c - +0 helmet
rElec    .         Reflect  .   (no cloak)
rCorr    .         Harm     .   (no gloves)
MR       .....                  (no boots)
Stlth    ++........             (no amulet)
HPRegen  0.11/turn              (no ring)
MPRegen  0.09/turn              (no ring)

@: no status effects
A: demonic guardian 1, nightstalker 1
a: no special abilities


You were on level 1 of the Dungeon.
You were not hungry.

You visited 1 branch of the dungeon, and saw 2 of its levels.

You collected 94 gold pieces.

Inventory:

Hand Weapons
 a - a +0 flail (weapon)
Missiles
 d - 3 throwing nets
 i - 74 stones (quivered)
Armour
 b - a +0 leather armour (worn)
 c - a +0 helmet (worn)
 p - a +0 pair of gloves
Scrolls
 e - 3 scrolls of remove curse {unknown}
 h - a scroll of fog {unknown}
 j - a scroll of random uselessness {unknown}
 l - a scroll of noise {unknown}
 m - 2 scrolls of enchant weapon {unknown}
 o - a scroll of enchant armour {unknown}
Potions
 g - 2 potions of haste {unknown}
 k - 2 potions of flight {unknown}
 n - a potion of curing {unknown}
Comestibles
 f - 3 rations


   Skills:
 + Level 2.9 Fighting
 - Level 3.0 Maces & Flails
 + Level 2.6 Throwing
 + Level 3.3 Dodging


You had 3 spell levels left.
You didn't know any spells.
Your spell library was empty.

Dungeon Overview and Level Annotations

Branches:
Dungeon (2/15)

Altars:
Gozag
Vehumet


Innate Abilities, Weirdness & Mutations

A weak demonic guardian rushes to your aid.
You are slightly more attuned to the shadows.


Message History

The bat hits you but does no damage.
Your quasit completely misses the hobgoblin.
Your quasit claws the hobgoblin.
The hobgoblin dies!
The goblin shoots a stone.
The stone hits you but does no damage. The hobgoblin closely misses you.
The hobgoblin hits you with a +0 club.
* * * LOW HITPOINT WARNING * * *
The worm bites you but does no damage.
Your quasit barely misses the hobgoblin.
Your quasit claws the hobgoblin but does no damage.
Your quasit barely misses the hobgoblin.
The goblin barely misses you.
You climb upwards.
There is a stone staircase leading down here.
You hit the goblin.
You kill the goblin!
The hobgoblin closely misses you. The hobgoblin hits you with a +0 club.
* * * LOW HITPOINT WARNING * * *
The worm bites you!
You die...

#####.......##..#......# #..... #
##.##..#....#......# #..... #
#.##..............# #.....
######.##..#.#........>## #.....
........................####.....
#########........................
#....##.....##...###.....
####......)g#.###.#####.....
#.......###@g...............
#.......# #w#.###.#####...##
######......####.#.#......##.....
.....'...........................
##.###........................[..
#.# #.....^########..........###
#.# #......## #..........## #.#
#.......# #รท..........#
#.######....# #.........#.##


You could see a worm and 2 hobgoblins.

Vanquished Creatures
  3 adders (D:2)
  A ball python (D:2)
  3 giant cockroaches (D:1)
  8 goblins
  5 hobgoblins
  7 jackals
  4 bats
  A frilled lizard (D:1)
  4 kobolds
  10 rats
46 creatures vanquished.

Vanquished Creatures (collateral kills)
  A goblin (D:2)
  A hobgoblin (D:2)
2 creatures vanquished.

Vanquished Creatures (others)
  Robin (D:2)
  A giant cockroach (D:2)
  A goblin (D:2)
3 creatures vanquished.

Grand Total: 51 creatures vanquished

Notes
Turn   | Place    | Note
-------+----------+-------------------------------------------
     0 | D:1      | FishyPogo the Demonspawn Gladiator began the quest for the
                  | Orb.
     0 | D:1      | Reached XP level 1. HP: 16/16 MP: 1/1
   149 | D:1      | Gained mutation: You are slightly more attuned to the
                  | shadows. [demonic ancestry]
   149 | D:1      | Reached XP level 2. HP: 22/22 MP: 2/2
   914 | D:2      | Gained mutation: A weak demonic guardian rushes to your
                  | aid. [demonic ancestry]
   914 | D:2      | Reached XP level 3. HP: 28/28 MP: 3/3
  1049 | D:2      | Found an opulent altar of Gozag.
  1449 | D:2      | Reached XP level 4. HP: 16/34 MP: 4/4
  1713 | D:2      | Killed Robin
  1736 | D:2      | Found a radiant altar of Vehumet.
  1748 | D:1      | Slain by a worm

Skill      XL: |  1  2 |
---------------+-------+-----
Throwing       | 2 |  2.6
Dodging        | 3 |  3.3
Maces & Flails | 3 |  3.0
Fighting       | |  2.9

Action                   |  1- 3 |  4- 6 || total
-------------------------+-------+-------++-------
Melee: Flail             |   112 |    13 ||   125
Throw: Stone             |     8 |       ||     8
 Stab: Sleeping          |     4 |     1 ||     5
  Eat: Chunk             |     2 |     1 ||     3
Armor: Leather armour    |    22 |     7 ||    29
Dodge: Dodged            |    85 |    24 ||   109
